 Dungeon Crawl Stone Soup version 0.21.0-3-g78d12a8 (webtiles) character file.

100 Sayani the Chopper (level 5, 0/35 HPs)
             Began as a Halfling Berserker on Jan 16, 2018.
             Was a Believer of Trog.
             Succumbed to matthes123's ghost's poison
             ... on level 3 of the Dungeon.
             The game lasted 00:03:12 (2191 turns).

Sayani the Chopper (Halfling Berserker)             Turns: 2191, Time: 00:03:13

Health: 0/35       AC:  3    Str: 19    XL:     5   Next: 3%
Magic:  5/5        EV: 15    Int:  5    God:    Trog [**....]
Gold:   104        SH:  3    Dex: 14    Spells: 4/4 levels left

rFire    . . .     SeeInvis .   a - +0 hand axe
rCold    . . .     Gourm    .   (shield restricted)
rNeg     . . .     Faith    .   b - +0 animal skin
rPois    .         Spirit   .   (no helmet)
rElec    .         Reflect  +   (no cloak)
rCorr    .         Harm     .   (no gloves)
MR       .....                  o - +0 pair of boots
Stlth    +.........             h - +3 amulet of reflection
HPRegen  0.11/turn              d - ring of flight
MPRegen  0.09/turn              (no ring)

@: lethally poisoned (0 -> -19), berserk cooldown, slowed, very slow
A: small, mutation resistance 1
a: Berserk, Trog's Hand, Burn Spellbooks, Renounce Religion, Evoke Flight


You were on level 3 of the Dungeon.
You worshipped Trog.
Trog was pleased with you.
You were very hungry.

You visited 1 branch of the dungeon, and saw 3 of its levels.

You collected 104 gold pieces.

Inventory:

Hand Weapons
 a - a +0 hand axe (weapon)
 r - a +0 war axe
Armour
 b - a +0 animal skin (worn)
 o - a +0 pair of boots (worn)
Jewellery
 d - a ring of flight (left hand)
 h - a +3 amulet of reflection (around neck)
Scrolls
 i - 3 scrolls of remove curse {unknown}
 l - a scroll of fear {unknown}
 m - a scroll of identify {unknown}
 n - a scroll of immolation {unknown}
 q - a scroll of noise {unknown}
Potions
 e - a potion of berserk rage {unknown}
 f - a potion of brilliance {unknown}
 g - a potion of flight {unknown}
 j - a potion of mutation {unknown}
 k - 4 potions of curing {unknown}
Comestibles
 c - 6 rations
 p - a chunk of flesh


   Skills:
 - Level 2.6 Fighting
 + Level 5.3 Axes
 - Level 2.1 Armour
 - Level 2.1 Dodging


You had 4 spell levels left.
You didn't know any spells.

Dungeon Overview and Level Annotations

Branches:
Dungeon (3/15)

Altars:

Annotations:
D:3 matthes123's ghost, novice GnEE


Innate Abilities, Weirdness & Mutations

You are small and have problems with some larger weapons.
You are somewhat resistant to further mutation.


Message History

The blast of sand misses you.
Press: ? - help, v - describe, . - travel The floor.
You hit matthes123's ghost but do no damage.
Matthes123's ghost is heavily damaged.
You hit the plant.
* * * LOW HITPOINT WARNING * * *
You feel sick.
You closely miss matthes123's ghost.
Matthes123's ghost is heavily damaged.
You hit the plant.
You destroy the plant!
You are no longer berserk.
You are exhausted.
You feel yourself slow down.
* * * LOW HITPOINT WARNING * * *
You feel sick. Matthes123's ghost closely misses you.
You hit matthes123's ghost but do no damage.
Matthes123's ghost is heavily damaged.
You die...

....... .$ P ...♣P#.♣
#.♣..♣ ♣♣..♣♣♣. ..♣..♣
. ...♣..♣PP ...♣.§ PP
.♣♣P♣.♣..♣ .♣.♣.♣ .♣.
♣P8.P.♣♣.P♣♣♣.♣.♣.♣..§
......♣.PPP..♣♣.♣.§♣
8.⌠.8...♣P.♣P†...♣.♣
.......P..♣..♣♣.@W♣
..8P.P♣♣..♣.♣.♣.###
♣♣P.♣♣♣P.♣.....##
P..♣..♣....♣..#+
.♣♣.♣P♣..♣♣♣P.♣
....♣♣♣♣.♣♣♣♣.♣
♣♣♣PP.♣.§§PP.♣♣.♣
.♣♣...P♣♣§.§.....
..........§#....#


You could see matthes123's ghost.

Vanquished Creatures
  3 adders
  2 oozes
  A dart slug (D:1)
  A leopard gecko (D:2)
  2 orcs (D:3)
  6 giant cockroaches
  4 goblins
  5 hobgoblins
  10 jackals
  6 kobolds
  3 quokkas (D:3)
  3 bats (D:2)
  2 frilled lizards
  5 rats
  A plant (D:3)
54 creatures vanquished.

Notes
Turn   | Place    | Note
-------+----------+-------------------------------------------
     0 | D:1      | Sayani the Halfling Berserker began the quest for the Orb.
     0 | D:1      | Reached XP level 1. HP: 15/15 MP: 1/1
    78 | D:1      | Reached XP level 2. HP: 19/20 MP: 2/2
   344 | D:1      | Reached skill level 4 in Axes
   344 | D:1      | Reached XP level 3. HP: 21/25 MP: 3/3
  1191 | D:2      | Reached ** piety under Trog
  1498 | D:2      | Reached XP level 4. HP: 30/30 MP: 4/4
  2002 | D:2      | Reached skill level 5 in Axes
  2169 | D:3      | Noticed matthes123's ghost (novice GnEE)
  2173 | D:3      | Reached XP level 5. HP: 20/35 MP: 5/5
  2191 | D:3      | Succumbed to matthes123's ghost's poison

Skill      XL: |  1  2  3  4 |
---------------+-------------+-----
Axes           | 4 5 |  5.3
Fighting       | |  2.6
Armour         | |  2.1
Dodging        | |  2.1

Action                   |  1- 3 |  4- 6 || total
-------------------------+-------+-------++-------
Melee: Hand axe          |    97 |    87 ||   184
Invok: Burn Spellbooks   |       |     1 ||     1
       Berserk           |       |     1 ||     1
  Eat: Chunk             |     1 |     3 ||     4
Armor: Animal skin       |    10 |    12 ||    22
Dodge: Dodged            |    91 |    69 ||   160
Block: Other             |       |     7 ||     7
